Map: Corrosion EC

Players

BoGar

  • Race: Terran Terran
  • League: Diamond
  • Spawn Location: 11:00

HoldTheDoor - Winner!

  • Race: Protoss Protoss
  • League: Diamond
  • Spawn Location: 5:00

VOD

Have the link to the VOD?

Description

Time

  • Played on: July 15, 2018, 4:58 a.m.
  • Length: 14:36
Show
View Real Time Build Order
Export as new Build Order

BoGar Terran 

Build Orders: 1/1/1, Liberator Opening, MMM Bio 

Get SALT Encoding   

  12  0:01  SCV  
  13  0:13  SCV  
  14  0:17  Supply Depot  
  14  0:25  SCV  
  15  0:34  Refinery  
  15  0:38  SCV  
  16  0:45  Barracks  
  16  0:51  SCV  
  17  1:03  SCV  
  18  1:15  SCV  
  19  1:27  SCV  
  19  1:32  Marine  
  20  1:35  Factory  
  20  1:39  Orbital Command  
  21  1:43  Refinery  
  21  1:47  Supply Depot  
  21  2:06  SCV  
  21  2:16  Barracks Reactor  
  21  2:18  SCV  
  21  2:20  Starport  
  22  2:30  Factory Tech Lab  
  22  2:33  SCV  
  23  2:38  Supply Depot  
  23  2:44  Liberator  
  23  2:45  SCV  
  24  2:56  Marine x2  
  28  3:13  Marine  
  28  3:14  Marine  
  28  3:18  Siege Tank  
  31  3:31  Marine  
  31  3:32  Marine  
  33  3:37  Supply Depot  
  33  4:01  Starport Reactor  
  33  4:02  Command Center  
  33  4:19  Supply Depot  
  33  4:26  Engineering Bay  
  33  4:29  Barracks  
  33  4:40  SCV, Marine x2, Siege Tank  
  39  4:52  Terran Infantry Weapons Level 1  
  39  4:55  Missile Turret  
  39  5:02  Missile Turret  
  39  5:10  Supply Depot  
  39  5:13  Marine x2, Siege Tank, Medivac  
  43  5:21  SCV  
  44  5:31  Marine x2  
  44  5:33  SCV  
  47  5:36  Barracks Tech Lab  
  47  5:41  Barracks, Orbital Command  
  47  5:46  SCV  
  47  5:49  Marine x2  
  50  5:58  SCV  
  50  6:02  Medivac  
  50  6:03  Marine, Siege Tank  
  57  6:07  Marine x2  
  57  6:10  SCV  
  60  6:14  SCV  
  61  6:22  Supply Depot, SCV  
  62  6:26  Stimpack  
  62  6:28  Barracks Tech Lab  
  62  6:43  SCV x2  
  62  6:45  Supply Depot  
  55  7:00  Marine, Viking x2  
  55  7:01  Marauder, Marine  
  59  7:03  SCV  
  57  7:14  Combat Shields  
  54  7:16  SCV x2  
  54  7:18  Marine  
  54  7:20  Refinery  
  57  7:23  Refinery  
  57  7:28  SCV x2  
  57  7:29  Viking  
  59  7:30  Viking  
  59  7:32  Marine  
  64  7:37  Marine x2  
  64  7:39  Marine  
  64  7:40  SCV  
  64  7:41  SCV  
  69  7:49  Terran Infantry Armor Level 1  
  69  7:53  SCV  
  69  7:56  Supply Depot  
  69  7:57  Supply Depot  
  69  7:58  Marine  
  70  7:59  Marauder, Marine, Viking, Missile Turret  
  76  8:06  Supply Depot  
  76  8:11  Medivac  
  78  8:17  Marine  
  78  8:19  Marine  
  79  8:20  Marauder, Marine  
  79  8:22  SCV  
  84  8:31  Supply Depot  
  84  8:35  Marauder  
  84  8:37  Marine  
  87  8:44  Command Center  
  87  8:48  Engineering Bay  
  87  8:51  Armory  
  87  8:52  SCV  
  87  8:53  SCV  
  89  8:58  Supply Depot  
  89  9:05  SCV  
  90  9:19  SCV  
  90  9:20  SCV  
  93  9:31  SCV  
  93  9:32  SCV  
  94  9:39  Reaper, Marine  
  94  9:40  Marine  
  94  9:41  Marauder  
  94  9:42  Siege Tank, Medivac  
  94  9:43  SCV  
  105  9:55  Supply Depot  
  105  9:56  Marine  
  105  9:59  Marauder  
  108  10:02  Marine  
  98  10:11  Marine  
  70  10:18  Supply Depot, Marine  
  70  10:20  Marauder x2, Planetary Fortress  
  70  10:22  SCV x2  
  70  10:25  Terran Infantry Weapons Level 2  
  72  10:29  Marine  
  72  10:34  SCV x2  
  75  10:36  Marine  
  75  10:42  Supply Depot, Marauder x2  
  80  10:46  SCV x2, Marine  
  80  10:48  Terran Infantry Armor Level 2  
  83  10:52  Terran Ship Weapons Level 1  
  83  10:53  Marine, Viking  
  86  10:58  SCV  
  86  11:00  Refinery  
  86  11:02  Marine  
  86  11:03  Marauder  
  90  11:04  Marine  
  90  11:05  Refinery  
  91  11:11  Marine  
  91  11:13  Viking  
  94  11:21  Marauder, Concussive Shells  
  94  11:23  Viking  
  97  11:32  Marine x2  
  100  11:33  Marauder  
  101  11:41  Command Center  
  101  11:42  Marauder  
  101  11:43  Viking  
  105  11:50  Marine x2  
  105  11:53  Viking  
  111  11:54  Marauder  
  111  11:56  Starport  
  111  12:03  Marine  
  111  12:08  Marine x2  
  114  12:13  Viking  
  116  12:16  SCV x3  
  119  12:23  Viking  
  119  12:26  Marauder x2  
  119  12:28  SCV x3  
  128  12:33  Viking  
  130  12:40  SCV x2  
  130  12:41  SCV  
  130  12:43  Viking  
  135  12:47  Marauder  
  135  12:48  Marauder  
  139  12:52  SCV x2  
  139  12:53  SCV, Viking  
  139  12:54  Orbital Command  
  144  13:04  SCV x2  
  144  13:05  SCV  
  147  13:09  Marauder x2  
  147  13:11  Starport Reactor  
  151  13:16  SCV x2  
  151  13:17  SCV  
  154  13:25  SCV  
  155  13:28  SCV  
  155  13:29  SCV x2  
  155  13:30  Marauder  
  155  13:31  Marauder, Refinery  
  155  13:33  Refinery  
  162  13:37  SCV  
  162  13:38  Viking x2  
  162  13:40  SCV  
  162  13:41  SCV x2  
  170  13:49  SCV  
  170  13:51  Marauder  
  170  13:52  SCV, Marauder  
  170  13:53  SCV x2  
  178  13:57  Command Center  
  178  14:00  Command Center  
  178  14:01  SCV  
  178  14:02  Supply Depot  
  179  14:03  Supply Depot  
  179  14:04  SCV  
  179  14:09  Missile Turret  
  186  14:13  Marauder x2  
Show
View Real Time Build Order
Export as new Build Order

HoldTheDoor Protoss - Winner!

Build Orders: Double Forge 

Get SALT Encoding   

  12  0:01  Probe  
  13  0:13  Probe  
  14  0:18  Pylon  
  14  0:25  Probe  
  15  0:34  Probe  
  15  0:36  Gateway  
  16  0:43  Probe  
  16  0:45  Assimilator  
  17  0:53  Probe  
  18  1:00  Assimilator  
  18  1:05  Probe  
  19  1:17  Probe, Gateway  
  20  1:33  Cybernetics Core  
  20  1:35  Probe  
  21  1:40  Pylon  
  21  1:47  Probe  
  22  1:56  Pylon  
  22  1:59  Probe  
  23  2:03  Stalker x2  
  23  2:14  Warp Gate  
  27  2:32  Stalker x2  
  31  2:43  Probe  
  32  3:02  Robotics Facility  
  32  3:03  Pylon  
  32  3:40  Nexus  
  32  3:47  Pylon  
  32  3:55  Probe  
  33  3:58  Stargate  
  33  4:02  Forge  
  33  4:04  Forge  
  33  4:08  Pylon  
  33  4:12  Observer  
  33  4:14  Probe  
  35  4:17  Stalker  
  35  4:24  Stalker  
  39  4:28  Probe  
  40  4:40  Probe  
  40  4:41  Phoenix  
  43  4:52  Assimilator, Probe  
  44  4:53  Probe  
  45  5:01  Protoss Shields Level 1  
  45  5:04  Probe  
  46  5:09  Protoss Ground Armor Level 1  
  46  5:16  Probe  
  46  5:17  Probe  
  48  5:21  Pylon  
  48  5:28  Probe  
  49  5:39  Void Ray  
  49  5:42  Zealot x2  
  53  5:45  Immortal  
  61  5:52  Probe x2  
  63  6:01  Twilight Council  
  63  6:04  Probe x2  
  63  6:10  Assimilator  
  65  6:15  Pylon  
  65  6:16  Probe x2  
  67  6:24  Immortal  
  71  6:31  Void Ray  
  75  6:38  Photon Cannon  
  75  6:40  Charge  
  75  6:42  Probe  
  75  6:43  Probe  
  67  7:17  Immortal  
  67  7:18  Void Ray  
  76  7:22  Probe  
  76  7:23  Probe  
  77  7:32  Pylon  
  77  7:36  Pylon  
  77  7:39  Gateway  
  77  7:40  Observer, Probe x2  
  77  7:42  Gateway  
  77  7:43  Gateway  
  79  7:46  Gateway  
  79  7:48  Pylon  
  79  7:49  Zealot x2  
  83  7:51  Pylon  
  83  7:52  Probe  
  84  8:17  Zealot  
  84  8:18  Immortal, Zealot  
  88  8:21  Void Ray  
  88  8:26  Templar Archives  
  96  8:42  Nexus  
  96  8:45  Pylon  
  96  8:46  Pylon  
  96  8:50  Probe  
  96  8:51  Probe  
  96  8:54  Zealot  
  96  8:55  Zealot  
  102  8:57  Zealot  
  104  9:03  Assimilator  
  104  9:25  Protoss Ground Weapons Level 1  
  104  9:28  Protoss Ground Armor Level 2, Zealot x4  
  104  9:29  Zealot  
  114  9:32  Pylon  
  114  9:33  Pylon  
  114  9:39  Shield Battery x2  
  114  9:56  Zealot  
  114  9:57  Zealot  
  96  10:17  Probe x2  
  96  10:19  Probe  
  99  10:22  Assimilator  
  99  10:24  Photon Cannon  
  99  10:26  Photon Cannon  
  99  10:28  Photon Cannon  
  99  10:29  Probe x2  
  99  10:30  Pylon  
  99  10:31  Probe  
  99  10:34  Phoenix  
  104  10:37  Immortal  
  104  10:41  Probe  
  109  10:44  High Templar x3  
  109  10:45  High Templar x2  
  109  10:47  High Templar  
  121  10:50  Archon x2  
  121  10:51  Archon  
  121  11:00  Gateway  
  121  11:01  Gateway  
  121  11:02  Gateway  
  121  11:04  Gateway  
  121  11:08  Pylon  
  121  11:23  Protoss Ground Weapons Level 2  
  121  11:29  Probe  
  121  11:30  High Templar  
  121  11:31  High Templar x5  
  134  11:32  Pylon  
  134  11:34  Archon  
  134  11:35  Archon x2  
  134  11:37  Pylon  
  134  11:40  Warp Prism  
  136  11:56  Protoss Air Armor Level 1  
  136  11:58  Zealot x3  
  142  12:03  Zealot x5  
  142  12:04  Zealot x2  
  156  12:13  Protoss Shields Level 2  
  156  12:15  Probe  
  157  12:16  Observer  
  157  12:20  Void Ray  
  162  12:31  High Templar  
  162  12:34  High Templar  
  162  12:37  Zealot x4  
  168  12:38  Zealot x2  
  168  12:40  Zealot  
  168  12:42  Zealot  
  182  12:59  High Templar x2  
  182  13:01  Zealot x4  
  182  13:02  Zealot  
  182  13:05  Archon  
  196  13:20  Pylon  
  196  13:21  Pylon  
  196  13:22  Pylon  
  196  13:24  Pylon  
  196  13:26  Pylon  
  196  13:37  Void Ray  
  200  13:47  Nexus  
  200  13:49  Pylon  
  200  13:51  Assimilator  
  200  13:56  Assimilator  
Tags
 
Add a new tag
Caveats
  • Supply blocks, unpowered buildings, or Contaminate may cause inaccurate times.
  • Supply counts are checked every 10 seconds.